 Dungeon Crawl Stone Soup version 0.23.0-3-gf3c87f2 (webtiles) character file.

Game seed: 774053617807108496

48075 Borgoz the Slicer (level 14, -2/118 HPs)
             Began as a Ghoul Assassin on Feb 24, 2019.
             Was the Champion of Dithmenos.
             Slain by a sea snake (9 damage)
             ... on level 6 of the Lair of Beasts.
             The game lasted 00:46:13 (15316 turns).

Borgoz the Slicer (Ghoul Assassin)                 Turns: 15316, Time: 00:46:13

Health: -2/118     AC: 14    Str: 16    XL:     14   Next: 44%
Magic:  19/20      EV: 14    Int: 10    God:    Dithmenos [******]
Gold:   925        SH:  0    Dex: 10    Spells: 22/23 levels left

rFire    . . .     SeeInvis .   a - +4 dagger (elec)
rCold    + . .     Gourm    .   (no shield)
rNeg     + + +     Faith    .   o - +2 ring mail {rPois}
rPois    ∞         Spirit   .   F - +2 hat
rElec    .         Reflect  .   d - +0 cloak
rCorr    .         Harm     .   k - +0 pair of gloves
MR       +....                  (no boots)
Stlth    +++++++...             (no amulet)
HPRegen  0.00/turn              q - +6 ring of slaying
MPRegen  0.17/turn              w - ring of stealth

@: confusing touch, rotting, wreathed by umbra
A: rotting body, claws 1, carnivore, cold resistance 1, negative energy
resistance 3, inhibited regeneration, torment resistance, unbreathing
a: Shadow Step, Shadow Form, Renounce Religion


You were on level 6 of the Lair of Beasts.
You worshipped Dithmenos.
Dithmenos was exalted by your worship.
You were not hungry.

You visited 3 branches of the dungeon, and saw 17 of its levels.

You collected 1121 gold pieces.
You spent 196 gold pieces at shops.

Inventory:

Hand Weapons
 a - a +4 dagger of electrocution (weapon)
 b - a +1 blowgun
Missiles
 e - 36 poisoned needles
 l - 3 throwing nets (quivered)
Armour
 d - a +0 cloak (worn)
 k - a +0 pair of gloves (worn)
 o - a +2 ring mail of poison resistance (worn)
 F - a +2 hat (worn)
 H - the +3 ring mail "Noemathu" {-Cast rCorr Int+4 Dex+5}
   (You found it on level 5 of the Lair of Beasts)

   It affects your intelligence (+4).
   It affects your dexterity (+5).
   It prevents spellcasting.
   It provides partial protection from all sources of acid and corrosion.
Jewellery
 q - a +6 ring of slaying (left hand)
 w - a ring of stealth (right hand)
 y - an uncursed ring of see invisible
Wands
 f - a wand of paralysis (7)
 h - a wand of flame (27)
 u - a wand of enslavement (11)
 v - a wand of clouds (5)
 x - a wand of iceblast (11)
 E - a wand of polymorph (6)
Scrolls
 c - 8 scrolls of teleportation
 m - 4 scrolls of blinking
 p - 3 scrolls of identify
 t - 7 scrolls of remove curse
 C - 3 scrolls of enchant armour
 D - 2 scrolls of summoning
Potions
 j - 4 potions of flight
 r - 4 potions of haste
 s - 10 potions of curing
 z - a potion of magic
 G - a potion of agility
 I - 2 potions of heal wounds
Comestibles
 g - 36 rations


   Skills:
 + Level 9.3 Fighting
 * Level 12.9 Short Blades
 - Level 2.0 Throwing
 + Level 10.2 Armour
 + Level 9.1 Dodging
 + Level 9.2 Stealth
 + Level 5.0 Spellcasting
 - Level 4.0 Hexes
 + Level 6.2 Invocations


You had 22 spell levels left.
You knew the following spells:

 Your Spells              Type           Power        Failure   Level  Hunger
a - Confusing Touch       Hex            ##....       8%          1    None

Your spell library contained the following spells:

 Spells                   Type           Power        Failure   Level  Hunger
 Animate Skeleton         Necr           N/A          36%         1    None
 Apportation              Tloc           #.....       36%         1    None
 Magic Dart               Conj           #...         36%         1    None
 Sting                    Conj/Pois      #...         36%         1    None
 Summon Small Mammal      Summ           #...         36%         1    None
 Dazzling Spray           Conj/Hex       #.....       45%         3    ###....
 Poisonous Vapours        Pois/Air       #.....       50%         2    ##.....
 Searing Ray              Conj           #.....       50%         2    ##.....
 Sticks to Snakes         Tmut           #.......     50%         2    ##.....
 Conjure Flame            Conj/Fire      #.......     75%         3    ###....
 Mephitic Cloud           Conj/Pois/Air  #.......     75%         3    ###....
 Fulminant Prism          Conj/Hex       #.........   86%         4    ####...
 Force Lance              Conj/Tloc      #.......     98%         4    ####...
 Iskenderun's Mystic Bla  Conj           #.......     98%         4    ####...
 Olgreb's Toxic Radiance  Pois           #.......     98%         4    ####...
 Venom Bolt               Conj/Pois      #.........   100%        5    ######.
 Freezing Cloud           Conj/Ice/Air   #.........   100%        6    #######
 Ring of Flames           Chrm/Fire      #.........   100%        7    #######
 Beastly Appendage        Tmut           Unusable     N/A         1    N/A
 Spider Form              Tmut/Pois      Unusable     N/A         3    N/A
 Ice Form                 Ice/Tmut       Unusable     N/A         4    N/A
 Blade Hands              Tmut           Unusable     N/A         5    N/A

Dungeon Overview and Level Annotations

Branches:
Dungeon (10/15)            Temple (1/1) D:6            Lair (6/6) D:9
 Shoals (0/4) Lair:4       Spider (0/4) Lair:2        Slime (0/5) Lair:5
    Orc (0/2) D:10

Altars:
Ashenzari
Cheibriados
Dithmenos
Elyvilon
Fedhas
Gozag
Hepliaklqana
Kikubaaqudgha
Makhleb
Nemelex Xobeh
Okawaru
Qazlal
Ru
Sif Muna
Trog
Uskayaw
Vehumet
Wu Jian
Xom
Yredelemnul
Zin
The Shining One

Shops:
D:7 (%%(


Innate Abilities, Weirdness & Mutations

Your body is rotting away.
You thrive on raw meat.
You are immune to poison.
You have sharp fingernails.
You are carnivorous and can eat meat at any time.
Your flesh is cold resistant. (rC+)
You are immune to negative energy. (rN+++)
You do not regenerate when monsters are visible.
You are immune to unholy pain and torment.
You can survive without breathing.


Message History

You kill the hornet!
Dithmenos accepts your kill.
You puncture the sea snake!
The sea snake is lightly wounded.
The sea snake bites you!
Casting: Confusing Touch (safe; 8% risk of failure)
Confirm with . or Enter, or press ? or * to list all spells.
Your hands begin to glow red.
The komodo dragon barely misses you.
The sea snake bites you but does no damage.
You completely miss the sea snake.
The sea snake is lightly wounded.
Your shadow hits the sea snake but does no damage.
The komodo dragon bites you!
* * * LOW HITPOINT WARNING * * *
The sea snake bites you!
* * * LOW HITPOINT WARNING * * *
You feel much better. The komodo dragon bites you!!
* * * LOW HITPOINT WARNING * * *
The sea snake bites you!
You die...

#≈ ≈≈≈...... #..###
#≈≈##......#####....#
#≈≈#........#P.#....###
#≈≈≈≈≈P........P......#
#≈P≈P..#........PP[..###
#≈≈#.≈..........P..<...#
#≈≈##....#.........#..##
#≈≈≈≈≈.#S####...#..####
#≈≈≈≈≈≈l@# #....#.#
#≈≈#.≈######.#.÷.### #≈
##≈# #.###...# # ≈≈#
##......P# ≈≈≈≈≈≈ ≈≈≈#
#........# ≈88≈≈P ≈.#.≈
##......#.# ≈≈≈≈≈
≈#≈≈##.. #.....####
#≈≈.## .#≈≈ ≈.# #....P#
≈≈≈≈≈≈≈≈≈≈ ≈.........P#


You could see a sea snake and a komodo dragon.

Vanquished Creatures
  Gastronok (Lair:3)
  Kirke (Lair:4)
  Harold (D:9)
  4 hydras
  Erica (Lair:2)
  A two-headed ogre (D:9)
  3 death yaks (Lair:4)
  A sea snake (Lair:6)
  Pikel (D:6)
  The ghost of Kairos the Chopper, a novice VSFi of Okawaru (D:8)
  11 elephants
  3 manticores (Lair:6)
  5 black mambas
  A merfolk siren (Lair:4)
  A torpor snail (Lair:4)
  A gargoyle (D:10)
  8 spiny frogs
  5 rime drakes
  12 komodo dragons
  2 hornets (Lair:6)
  3 polar bears (Lair:6)
  19 blink frogs
  5 hippogriffs
  2 redbacks (Lair:2)
  5 dream sheep (Lair:5)
  Sigmund (D:3)
  A spriggan (D:9)
  4 hogs (Lair:4)
  36 yaks
  The ghost of Irenicus the Chopper, an amateur DDMo (D:3)
  4 basilisks
  3 wyverns
  A human (D:10)
  Grum (Lair:1)
  The ghost of George the Chopper, an amateur DsFi (D:3)
  A hungry ghost (D:10)
  13 water moccasins
  2 black bears
  10 porcupines
  3 orc warriors
  3 necrophages
  3 ice beasts
  A sky beast (D:6)
  3 slaves (D:6)
  8 ogres
  14 wolves
  3 centaurs
  9 crocodiles
  15 bullfrogs
  6 scorpions
  3 wights (D:10)
  4 killer bees (D:8)
  2 howler monkeys
  An electric eel (D:8)
  2 quasits
  3 crimson imps
  11 jellies
  11 orc wizards
  A bullfrog skeleton (D:10)
  4 hounds
  10 orc priests
  Jessica (D:3)
  2 iguanas
  2 hell rats (Lair:1)
  5 worker ants
  A hound skeleton (D:4)
  A howler monkey skeleton (D:4)
  9 river rats (Lair:1)
  7 adders
  A shadow imp (D:5)
  4 oozes
  2 adder skeletons (D:9)
  2 worms
  A dart slug (D:2)
  7 leopard geckos
  32 orcs
  7 giant cockroaches
  6 goblins
  9 hobgoblins
  13 jackals
  4 quokkas
  3 ball pythons
  7 bats
  6 frilled lizards
  A goblin zombie (D:10)
  4 kobolds
  A quokka zombie (D:6)
  11 rats
446 creatures vanquished.

Vanquished Creatures (others)
  A human (Lair:4)
  4 bushes
  19 fungi
  29 plants
53 creatures vanquished.

Grand Total: 499 creatures vanquished

Notes
Turn   | Place    | Note
-------+----------+-------------------------------------------
     0 | D:1      | Borgoz the Ghoul Assassin began the quest for the Orb.
     0 | D:1      | Reached XP level 1. HP: 17/17 MP: 0/0
    54 | D:1      | Reached skill level 1 in Dodging
   113 | D:1      | Reached skill level 2 in Short Blades
   243 | D:1      | Reached XP level 2. HP: 20/24 MP: 1/1
   589 | D:1      | Reached XP level 3. HP: 29/29 MP: 2/2
   812 | D:2      | Reached skill level 3 in Short Blades
   906 | D:2      | Reached skill level 1 in Armour
   973 | D:2      | Learned a level 1 spell: Confusing Touch
  1120 | D:2      | Reached XP level 4. HP: 35/36 MP: 3/3
  1404 | D:3      | Noticed Sigmund
  1470 | D:3      | Killed Sigmund
  1470 | D:3      | Reached skill level 4 in Short Blades
  1470 | D:3      | Reached XP level 5. HP: 15/41 MP: 4/4
  1470 | D:3      | Reached XP level 6. HP: 18/48 MP: 5/5
  1508 | D:3      | Noticed Jessica
  1527 | D:3      | Killed Jessica
  1624 | D:3      | Found a runed translucent gate.
  1624 | D:3      | Found a runed translucent gate.
  1624 | D:3      | Found a runed translucent gate.
  1627 | D:3      | Noticed Irenicus's ghost (amateur DDMo)
  1627 | D:3      | Noticed George's ghost (amateur DsFi)
  1816 | D:4      | Reached skill level 5 in Short Blades
  2588 | D:4      | Reached XP level 7. HP: 38/55 MP: 6/6
  2764 | D:5      | Entered Level 5 of the Dungeon
  2780 | D:5      | Found a glowing golden altar of the Shining One.
  2851 | D:5      | Reached skill level 1 in Hexes
  2895 | D:5      | Found an opulent altar of Gozag.
  2916 | D:4      | Found a burning altar of Makhleb.
  2980 | D:4      | Reached skill level 6 in Short Blades
  3180 | D:5      | Found a white marble altar of Elyvilon.
  3845 | D:5      | Reached XP level 8. HP: 57/61 MP: 7/7
  3982 | D:6      | Noticed Pikel
  4073 | D:6      | Found a staircase to the Ecumenical Temple.
  4085 | Temple   | Entered the Ecumenical Temple
  4171 | Temple   | Became a worshipper of Dithmenos the Shadowed
  4397 | D:6      | Reached skill level 7 in Short Blades
  4497 | D:6      | Killed Pikel
  4497 | D:6      | Reached XP level 9. HP: 62/67 MP: 8/8
  4647 | D:6      | Reached skill level 5 in Armour
  4975 | D:7      | Reached skill level 8 in Short Blades
  5052 | D:7      | Found Woptew's Food Boutique.
  5064 | D:7      | Reached * piety under Dithmenos
  5194 | D:7      | Found Ruclagg's Food Shoppe.
  5301 | D:7      | Found Piazyafu's Weapon Shoppe.
  5346 | D:7      | Found an iron altar of Okawaru.
  5415 | D:7      | Found Omedauci's Antique Weapon Emporium.
  5423 | D:7      | Bought an ichor-stained dagger for 196 gold pieces
  5423 | D:7      | Identified the +4 dagger "Jukua" {pierce, Int+2} (You
                  | bought it in a shop on level 7 of the Dungeon)
  5631 | D:8      | Found an ancient bone altar of Kikubaaqudgha.
  5817 | D:8      | Identified the cursed +1 short sword "Ycsecus" {drain,
                  | Int+5 Dex+3}
  5842 | D:8      | Found a hazy altar of Hepliaklqana.
  6089 | D:8      | Found a transporter.
  6092 | D:8      | Noticed Kairos's ghost (novice VSFi)
  6093 | D:8      | Identified the +8 dire flail of Oteedghe {vamp, *Contam
                  | +Rage rElec rN+}
  6094 | D:8      | Found a transporter.
  6203 | D:8      | Found a sacrificial altar of Ru.
  6296 | D:9      | Reached skill level 9 in Short Blades
  6317 | D:9      | Noticed a two-headed ogre
  6327 | D:9      | Killed a two-headed ogre
  6327 | D:9      | Reached XP level 10. HP: 61/77 MP: 7/9
  6334 | D:9      | Reached ** piety under Dithmenos
  6514 | D:9      | Reached skill level 5 in Dodging
  6622 | D:9      | Found a staircase to the Lair.
  6698 | D:9      | Reached XP level 11. HP: 21/85 MP: 10/10
  6703 | D:9      | Reached skill level 10 in Short Blades
  6745 | D:9      | Reached *** piety under Dithmenos
  6860 | D:9      | Reached skill level 5 in Stealth
  6903 | D:9      | Found an opulent altar of Gozag.
  7036 | D:9      | Found a blossoming altar of Fedhas.
  7228 | D:9      | Noticed Harold
  7243 | D:9      | Killed Harold
  7243 | D:9      | Reached skill level 5 in Fighting
  7271 | D:10     | Entered Level 10 of the Dungeon
  7733 | D:10     | Found a staircase to the Orcish Mines.
  7752 | D:10     | Got a pitted rapier
  7832 | D:10     | Found a runed translucent door.
  7839 | D:10     | Found a basalt altar of Yredelemnul.
  7923 | Lair:1   | Entered Level 1 of the Lair of Beasts
  7974 | Lair:1   | Reached skill level 1 in Spellcasting
  8182 | D:3      | Killed Irenicus's ghost
  8198 | D:3      | Killed George's ghost
  8341 | D:8      | Killed Kairos's ghost
  8618 | Lair:1   | Noticed Grum
  8627 | Lair:1   | Reached **** piety under Dithmenos
  8634 | Lair:1   | Killed Grum
  9492 | Lair:2   | Reached XP level 12. HP: 85/96 MP: 13/13
  9777 | Lair:2   | Reached skill level 1 in Invocations
  9786 | Lair:2   | Found a hole to the Spider Nest.
  9890 | Lair:2   | Reached skill level 11 in Short Blades
 10082 | Lair:2   | Noticed Erica
 10094 | Lair:2   | Killed Erica
 10100 | Lair:2   | Found a sacrificial altar of Ru.
 10986 | Lair:3   | Noticed a five-headed hydra
 10995 | Lair:3   | You fall through a shaft for 2 floors!
 11014 | Lair:5   | Reached ***** piety under Dithmenos
 11257 | Lair:4   | Noticed a death yak
 11280 | Lair:4   | Killed a death yak
 11280 | Lair:4   | Reached XP level 13. HP: 81/107 MP: 16/16
 11437 | Lair:3   | Noticed Gastronok
 11487 | Lair:3   | Killed Gastronok
 11758 | Lair:3   | Found an ancient bone altar of Kikubaaqudgha.
 12251 | Lair:4   | Reached skill level 12 in Short Blades
 12573 | Lair:4   | Noticed Kirke
 12594 | Lair:4   | Killed Kirke
 12725 | Lair:4   | Reached skill level 5 in Invocations
 12868 | Lair:4   | Found a staircase to the Shoals.
 13426 | Lair:5   | Got a bronze ring mail
 13437 | Lair:5   | Identified the +3 ring mail "Noemathu" {-Cast rCorr Int+4
                  | Dex+5} (You found it on level 5 of the Lair of Beasts)
 13589 | Lair:5   | Found a staircase to the Slime Pits.
 13924 | Lair:6   | Entered Level 6 of the Lair of Beasts
 13978 | Lair:6   | Reached XP level 14. HP: 90/116 MP: 19/19
 14046 | Lair:6   | Reached skill level 10 in Armour
 14189 | Lair:6   | Reached ****** piety under Dithmenos
 15088 | Lair:6   | Reached skill level 5 in Spellcasting
 15316 | Lair:6   | Slain by a sea snake

Skill      XL: |  1  2  3  4  5  6  7  8  9 10 11 12 13 14 |
---------------+-------------------------------------------+-----
Dodging        | 1 3 4 5 7 8 9 |  9.1
Short Blades   | 2 3 4 5 6 7 9 10 11 12 | 12.9
Armour         | 1 2 3 4 6 7 8 9 10 | 10.2
Hexes          | 2 3 4 |  4.0
Throwing       | 2 |  2.0
Fighting       | 3 4 6 7 8 9 |  9.3
Stealth        | 5 7 8 9 |  9.2
Spellcasting   | 1 3 4 5 |  5.0
Invocations    | 3 5 6 |  6.2

Action                   |  1- 3 |  4- 6 |  7- 9 | 10-12 | 13-15 || total
-------------------------+-------+-------+-------+-------+-------++-------
Melee: Dagger            |   141 |    90 |    97 |   752 |   613 ||  1693
       Short sword       |       |   126 |   251 |       |       ||   377
 Fire: Blowgun           |       |     6 |    18 |       |     3 ||    27
 Cast: Confusing Touch   |       |       |     1 |    11 |    13 ||    25
Evoke: Wand              |       |       |       |       |     1 ||     1
  Use: Scroll            |     2 |     5 |     7 |     5 |     3 ||    22
       Potion            |     1 |     6 |     2 |     8 |     6 ||    23
 Stab: Sleeping          |     7 |       |     1 |     7 |    12 ||    27
       Distracted        |       |     1 |       |       |     2 ||     3
       Confused          |       |       |       |     8 |    13 ||    21
       Invisible         |       |       |       |       |     3 ||     3
  Eat: Chunk             |     4 |     7 |    17 |    48 |    72 ||   148
Armor: Robe              |    15 |       |       |       |       ||    15
       Ring mail         |    51 |    63 |    85 |   177 |   127 ||   503
Dodge: Dodged            |    80 |    92 |   166 |   366 |   298 ||  1002
